 Dungeon Crawl Stone Soup version 0.29.1-2-gbd0b4ee654 (webtiles) character file.

Game seed: 11975838756943208661

24 croobank the Caller (level 2, -1/19 HPs)
             Began as a Demonspawn Summoner on Nov 3, 2022.
             Slain by Sigmund
             ... wielding a +0 scythe
              (10 damage)
             ... on level 2 of the Dungeon.
             The game lasted 00:05:15 (1565 turns).

croobank the Caller (Demonspawn Summoner)           Turns: 1565, Time: 00:05:16

Health: -1/19      AC:  5    Str:  8    XL:     2   Next: 79%
Magic:  3/5        EV: 12    Int: 16    God:
Gold:   30         SH:  0    Dex: 13    Spells: 2/5 levels left

rFire   . . .      SeeInvis .   (no weapon)
rCold   . . .      Faith    .   (no shield)
rNeg    . . .      Spirit   .   a - +1 robe
rPois   .          Reflect  .   (no helmet)
rElec   .          Harm     .   (no cloak)
rCorr   .          Rampage  .   (no gloves)
Will    .....                   (no boots)
Stlth   ++........              (no amulet)
HPRegen 0.06/turn               (no ring)
MPRegen 0.09/turn               (no ring)

@: no status effects
A: yellow scales 1
a: no special abilities


You were on level 2 of the Dungeon.
You visited 1 branch of the dungeon, and saw 2 of its levels.

You collected 30 gold pieces.

Inventory:

Armour
 a - a +1 robe (worn)
Potions
 b - a potion of magic
 c - a potion of ambrosia
 d - a potion of heal wounds


   Skills:
 + Level 2.1 Dodging
 + Level 2.2 Stealth
 + Level 2.3 Spellcasting
 + Level 4.2 Summonings


You had 2 spell levels left.
You knew the following spells:

 Your Spells              Type           Power      Damage    Failure   Level
a - Summon Small Mammal   Summ           60%        N/A       3%          1
b - Call Imp              Summ           15%        N/A       5%          2

Your spell library contained the following spells:

 Spells                   Type           Power      Damage    Failure   Level
 Call Canine Familiar     Summ           15%        N/A       11%         3
 Summon Guardian Golem    Hex/Summ       8%         N/A       26%         3
 Conjure Flame            Conj/Fire      1%         6-21      52%         3
 Gell's Gravitas          Tloc           1%         N/A       52%         3
 Ignite Poison            Fire/Tmut/Pois 1%         N/A       52%         3
 Teleport Other           Tloc           1%         N/A       52%         3
 Summon Lightning Spire   Summ/Air       8%         N/A       63%         4
 Sticky Flame             Conj/Fire      1%         2d3       90%         4
 Dispersal                Tloc           0%         N/A       100%        6


Dungeon Overview and Level Annotations

Branches:
Dungeon (2/15)

Altars:

Annotations:
D:2 Sigmund


Innate Abilities, Weirdness & Mutations

You are partially covered in yellow scales. (AC +2)


Message History

Sigmund points at you and mumbles some strange words.
You are confused.
You're too confused to cast spells.
Sorry, you're not good enough to have a special ability.
You're too confused to cast spells.
Sorry, you're not good enough to have a special ability.
Your transformation is almost over.
Sigmund hits you but does no damage.
Your crimson imp barely misses Sigmund.
Sigmund hits you from afar with a +0 scythe.
Your crimson imp hits Sigmund but does no damage.
Sigmund hits you but does no damage.
Your crimson imp barely misses Sigmund.
Your crimson imp closely misses Sigmund.
Sigmund points at you and mumbles some strange words.
The magic dart hits your crimson imp.
Your crimson imp barely misses Sigmund.
Okay, then.
You feel less confused. Sigmund hits you but does no damage.
Your crimson imp hits Sigmund.
Sigmund says, "You will soon forget everything."
Sigmund hits you but does no damage.
Your crimson imp hits Sigmund but does no damage.
Okay, then.
You aren't carrying any scrolls.
You feel less wooden.
Your +1 robe unmelds from your body.
Your crimson imp hits Sigmund.
Sigmund casts a spell.
Sigmund flickers and vanishes!
Deactivating autopickup; reactivate with Ctrl-A.
Something completely misses you.
Casting: Call Imp (safe; 5% risk of failure)
Confirm with . or Enter, or press ? or * to list all spells.
Something hits you but does no damage. Something barely misses you.
Your crimson imp blinks!
Your rat bites something but does no damage.
Something hits you!
Your rat bites something.
Something hits you!
Ouch! That really hurt!
You die...

............<......#
...................#
######.##.........#
#.##....$..###
#.#####...## #w#
...# #{# ...#
########r# ...#
......5.@#
##########


You could see a dart slug (ally target), a friendly crimson imp (summoned) and a
friendly rat (summoned).

Vanquished Creatures
  A hobgoblin (D:1)
  A jackal (D:1)
2 creatures vanquished.

Vanquished Creatures (collateral kills)
  2 dart slugs (D:1)
  2 bats (D:1)
  2 endoplasms (D:1)
  A giant cockroach (D:1)
  4 hobgoblins (D:1)
  A jackal (D:1)
  A quokka (D:1)
  2 rats (D:1)
15 creatures vanquished.

Grand Total: 17 creatures vanquished

Notes
Turn   | Place    | Note
-------+----------+-------------------------------------------
     0 | D:1      | croobank the Demonspawn Summoner began the quest for the
                  | Orb.
     0 | D:1      | Reached XP level 1. HP: 13/13 MP: 3/3
   551 | D:1      | Gained mutation: You are partially covered in yellow
                  | scales. (AC +2) [demonic ancestry]
   551 | D:1      | Reached XP level 2. HP: 16/19 MP: 0/5
   564 | D:1      | Learned a level 2 spell: Call Imp
   621 | D:1      | Found a faded altar of an unknown god.
  1527 | D:2      | Noticed Sigmund
  1565 | D:2      | Slain by Sigmund

Illustrated notes

Levels and vault maps discovered:
D:1:      saegor_arrival_simple_c, layout_loops_ring,
          hellmonk_ecumenical_altar_zigzags
D:2:      layout_basic, st_stairs_3, minivault_23, minivault_4,
          minmay_rat_gold_closets, uniq_sigmund

Skill      XL: |  1 |
---------------+----+-----
Stealth        | 2 |  2.2
Dodging        | 2 |  2.1
Spellcasting   | |  2.3
Summonings     | |  4.2

Action                   || total
-------------------------++-------
Melee: Unarmed           ||    47
 Cast: Summon Small Mamm ||    32
       Call Imp          ||     6
  Use: Scroll            ||     4
       Potion            ||     1
 Stab: Sleeping          ||     1
Armor: Robe              ||    16
       Skin              ||     8
Dodge: Dodged            ||    49
